 Dungeon Crawl Stone Soup version 0.29.0-15-g675c0067aa (webtiles) character file.

Game seed: 6796244909484281400

1614 Tsarbomb the Sneak (level 8, 0/64 HPs)
             Began as a Gnoll Wanderer on Sept 11, 2022.
             Was an Initiate of Cheibriados.
             Slain by a centaur (1 damage)
             ... on level 6 of the Dungeon.
             The game lasted 00:19:43 (7181 turns).

Tsarbomb the Sneak (Gnoll Wanderer)                 Turns: 7181, Time: 00:19:43

Health: 0/64       AC:  9    Str: 10 (13) XL:     8   Next: 96%
Magic:  22/22      EV: 11    Int: 17 (18) God:    Cheibriados [......]
Gold:   309        SH:  0    Dex: 13 (15) Spells: 12/14 levels left

rFire   . . .      SeeInvis .   m - +4 short sword (venom)
rCold   . . .      Faith    .   (no shield)
rNeg    . . .      Spirit   .   e - +0 ring mail
rPois   .          Reflect  .   (no helmet)
rElec   .          Harm     .   i - +0 cloak
rCorr   .          Rampage  .   y - +0 pair of gloves
Will    .....                   o - +0 pair of boots
Stlth   +++.......              (no amulet)
HPRegen 0.20/turn               B - ring of magical power
MPRegen 0.18/turn               I - +6 ring of intelligence

@: mighty, lethally poisoned (0 -> -6), attractive, studying Shields, very slow
A: fangs 1, strong nose, distributed training
a: Renounce Religion


You were on level 6 of the Dungeon.
You worshipped Cheibriados.
Cheibriados was noncommittal.
You visited 2 branches of the dungeon, and saw 8 of its levels.

You collected 309 gold pieces.

Inventory:

Hand Weapons
 m - a +4 short sword of venom (weapon)
 n - a +0 sling
 x - a +2 dagger of venom
 J - a +0 trident
Missiles
 b - 2 atropa-tipped darts (quivered)
 c - 2 datura-tipped darts
 h - 6 poisoned darts
 t - 22 stones
Armour
 e - a +0 ring mail (worn)
 i - a +0 cloak (worn)
 o - a +0 pair of boots (worn)
 y - a +0 pair of gloves (worn)
Magical Staves
 F - a staff of cold
Jewellery
 B - a ring of magical power (left hand)
 C - a +6 ring of strength
 I - a +6 ring of intelligence (right hand)
Wands
 E - a wand of charming (11)
 G - a wand of flame (16)
 H - a wand of iceblast (7)
Scrolls
 d - a scroll of silence {unknown}
 g - 4 scrolls of blinking {unknown}
 j - 3 scrolls of teleportation
 l - a scroll of noise {unknown}
 p - 9 scrolls of identify
 q - 2 scrolls of butterflies {unknown}
 r - 2 scrolls of vulnerability {unknown}
 s - a scroll of magic mapping {unknown}
 w - a scroll of torment {unknown}
 D - 3 scrolls of poison {unknown}
Potions
 a - a potion of curing {unknown}
 f - a potion of might
 k - 2 potions of degeneration
 u - 2 potions of mutation {unknown}
 v - a potion of attraction
 z - 2 potions of brilliance {unknown}
 A - a potion of flight {unknown}
 K - a potion of magic {unknown}


   Skills:
 + Level 6.0 Fighting
 + Level 3.8 Short Blades
 + Level 3.8 Long Blades
 + Level 3.8 Axes
 + Level 3.8 Maces & Flails
 + Level 6.0 Polearms
 + Level 3.8 Staves
 + Level 3.8 Ranged Weapons
 + Level 4.7 Throwing
 + Level 4.7 Armour
 + Level 4.7 Dodging
 + Level 7.2 Stealth
 + Level 4.9 Shields
 + Level 3.8 Unarmed Combat
 + Level 3.8 Spellcasting
 + Level 3.1 Conjurations
 + Level 3.1 Hexes
 + Level 3.1 Summonings
 + Level 3.1 Necromancy
 + Level 3.1 Translocations
 + Level 3.1 Transmutations
 + Level 3.1 Fire Magic
 + Level 3.1 Ice Magic
 + Level 3.1 Air Magic
 + Level 3.1 Earth Magic
 + Level 3.1 Poison Magic
 + Level 4.2 Invocations
 + Level 3.8 Evocations


You had 12 spell levels left.
You knew the following spells:

 Your Spells              Type           Power      Damage    Failure   Level
a - Ensorcelled Hibernat  Hex/Ice        28%        N/A       16%         2

Your spell library contained the following spells:

 Spells                   Type           Power      Damage    Failure   Level
 Scorch                   Fire           28%        2d6       16%         2
 Frozen Ramparts          Ice            28%        1d5       30%         3
 Spider Form              Tmut/Pois      14%        N/A       30%         3
 Anguish                  Hex/Necr       7%         N/A       71%         4
 Flame Wave               Conj/Fire      14%        2d6       71%         4
 Ice Form                 Ice/Tmut       14%        N/A       71%         4
 Summon Ice Beast         Ice/Summ       14%        N/A       71%         4
 Summon Cactus Giant      Summ           7%         N/A       100%        6
 Malign Gateway           Summ/Tloc      7%         N/A       100%        7
 Summon Horrible Things   Summ           7%         N/A       100%        8


Dungeon Overview and Level Annotations

Branches:
Dungeon (7/15)             Temple (1/1) D:6

Altars:
Cheibriados
Fedhas
Hepliaklqana
Makhleb
Sif Muna
Vehumet
Yredelemnul
The Shining One

Shops:
D:1 :   D:2 !

Annotations:
D:5 3 runed translucent doors, exclusions: orc wizard and 1 more exclusion
D:6 Prince Ribbit
D:7 3 runed translucent doors, exclusion: upstairs, trckry's ghost, novice DsCK


Innate Abilities, Weirdness & Mutations

You have very sharp teeth.
Your uncanny sense of smell can sniff out nearby items.
Your experience applies equally to all skills.


Message History

The centaur hits you. The centaur completely misses you.
The water moccasin bites you but does no damage.
The centaur unwields a +0 shortbow.
The centaur hits you but does no damage.
The centaur barely misses you.
You barely miss the water moccasin.
The water moccasin is lightly wounded.
The centaur hits you but does no damage.
The centaur kicks you but does no damage.
The water moccasin bites you.
* * * LOW HITPOINT WARNING * * *
You are poisoned.
The water moccasin poisons you! The centaur barely misses you.
The centaur kicks you but does no damage.
The centaur closely misses you. The centaur kicks you.
* * * LOW HITPOINT WARNING * * *
The water moccasin bites you but does no damage.
It was a potion of attraction.
You feel attractive to monsters.
You feel sick. The centaur hits you.
* * * LOW HITPOINT WARNING * * *
The centaur closely misses you.
The centaur hits you but does no damage.
The centaur kicks you.
* * * LOW HITPOINT WARNING * * *
The water moccasin bites you.
* * * LOW HITPOINT WARNING * * *
The centaur hits you but does no damage.
The centaur closely misses you.
Unknown command.
It was a potion of degeneration.
There was something very wrong with that liquid.
You feel weakened.
You feel dopey.
You feel clumsy.
* * * LOW HITPOINT WARNING * * *
You feel sick. The centaur hits you.
* * * LOW HITPOINT WARNING * * *
The centaur kicks you but does no damage.
The water moccasin bites you but does no damage.
The centaur hits you.
You die...

... ... ........#
#...[...####' .. ###
.......# #.......#.... !.
.......####.......+..#. #
#................##...
... #...............###..
##..#...........#....##.#
.:.............##.##.##.#
#..Sc......#.........
#.##@c............... #.
######.##..⌠...⌠.. ..
#.##......... ∆..
#.......>.... ..
#.##))....... . ∆∆
#..#.)⌠...⌠..
##...........
###......... ##.##.##.#


You could see a water moccasin and 2 centaurs.

Vanquished Creatures
  A water moccasin (D:7)
  An orc warrior (D:7)
  A sky beast (D:7)
  2 black bears (D:6)
  An ogre (D:5)
  2 phantoms
  2 bullfrogs (D:7)
  A necrophage (D:4)
  A scorpion (D:4)
  A howler monkey (D:4)
  A jelly (Temple)
  2 orc priests (D:6)
  2 hounds
  A gnoll bouda (D:7)
  2 iguanas
  5 orc wizards
  8 gnolls
  8 adders
  An ufetubus (D:6)
  3 worms
  A dart slug (D:1)
  18 orcs
  9 ball pythons
  9 endoplasms
  5 giant cockroaches
  5 goblins
  11 hobgoblins
  4 jackals
  5 quokkas
  3 bats (D:2)
  3 frilled lizards
  8 kobolds
  8 rats
135 creatures vanquished.

Notes
Turn   | Place    | Note
-------+----------+-------------------------------------------
     0 | D:1      | Tsarbomb the Gnoll Wanderer began the quest for the Orb.
     0 | D:1      | Tsarbomb set off with the following items: a +0 dagger, 2
                  | atropa-tipped darts, 2 datura-tipped darts, a +0 spear, a
                  | +0 ring mail, a potion of might.
     0 | D:1      | Reached XP level 1. HP: 20/20 MP: 1/1
   340 | D:1      | Reached XP level 2. HP: 26/26 MP: 2/2
   579 | D:1      | Found Apaisooz's Book Shop.
   898 | D:2      | Reached XP level 3. HP: 29/31 MP: 3/3
  1030 | D:2      | Reached skill level 6 in Stealth
  1238 | D:2      | Reached skill level 1 in Invocations
  1322 | D:2      | Reached skill level 1 in Short Blades
  1322 | D:2      | Reached skill level 1 in Long Blades
  1322 | D:2      | Reached skill level 1 in Axes
  1322 | D:2      | Reached skill level 1 in Maces & Flails
  1322 | D:2      | Reached skill level 1 in Staves
  1322 | D:2      | Reached skill level 1 in Ranged Weapons
  1322 | D:2      | Reached skill level 1 in Shields
  1322 | D:2      | Reached skill level 1 in Unarmed Combat
  1322 | D:2      | Reached skill level 1 in Spellcasting
  1322 | D:2      | Reached skill level 1 in Evocations
  1524 | D:2      | Identified the +1 robe of Creativity {Rampage rF+}
  1559 | D:2      | Reached XP level 4. HP: 38/38 MP: 5/5
  1623 | D:2      | Found Meov's Distillery.
  1909 | D:2      | Reached skill level 1 in Conjurations
  1909 | D:2      | Reached skill level 1 in Hexes
  1909 | D:2      | Reached skill level 1 in Summonings
  1909 | D:2      | Reached skill level 1 in Necromancy
  1909 | D:2      | Reached skill level 1 in Translocations
  1909 | D:2      | Reached skill level 1 in Transmutations
  1909 | D:2      | Reached skill level 1 in Fire Magic
  1909 | D:2      | Reached skill level 1 in Ice Magic
  1909 | D:2      | Reached skill level 1 in Air Magic
  1909 | D:2      | Reached skill level 1 in Earth Magic
  1909 | D:2      | Reached skill level 1 in Poison Magic
  2508 | D:4      | Reached XP level 5. HP: 43/43 MP: 7/7
  2932 | D:4      | Reached skill level 5 in Fighting
  2932 | D:4      | Reached skill level 5 in Polearms
  2932 | D:4      | Reached XP level 6. HP: 44/51 MP: 8/8
  3317 | D:4      | Reached XP level 7. HP: 27/56 MP: 10/10
  3616 | D:5      | Entered Level 5 of the Dungeon
  3941 | D:5      | Found a runed translucent gate.
  3941 | D:5      | Found a runed translucent gate.
  3942 | D:5      | Found a runed translucent gate.
  4266 | D:5      | Found a glowing golden altar of the Shining One.
  4266 | D:5      | Found a hazy altar of Hepliaklqana.
  4273 | D:5      | Found a radiant altar of Vehumet.
  4275 | D:5      | Found a basalt altar of Yredelemnul.
  4277 | D:5      | Found a faded altar of an unknown god.
  4491 | D:6      | Found a burning altar of Makhleb.
  4520 | D:6      | Noticed a wraith
  4534 | D:6      | Reached XP level 8. HP: 34/63 MP: 12/12
  4850 | D:7      | Noticed trckry's ghost (novice DsCK)
  4852 | D:7      | Noticed a tengu warrior
  5504 | D:7      | Found a runed translucent gate.
  5504 | D:7      | Found a runed translucent gate.
  5504 | D:7      | Found a runed translucent gate.
  5910 | D:7      | Reached skill level 7 in Stealth
  6273 | D:7      | Learned a level 2 spell: Ensorcelled Hibernation
  6548 | D:6      | Noticed Prince Ribbit
  6831 | D:6      | Found a staircase to the Ecumenical Temple.
  6842 | Temple   | Entered the Ecumenical Temple
  6862 | Temple   | HP: 3/64 [iguana (5)]
  6883 | Temple   | Became a worshipper of Cheibriados the Contemplative
  7181 | D:6      | HP: 3/64 [poisoned by a water moccasin]
  7181 | D:6      | HP: 1/64 [centaur (2)]
  7181 | D:6      | Slain by a centaur

Illustrated notes

Levels and vault maps discovered:
D:1:      matt_arrival_los_fun, layout_rooms, serial_shops, shop
D:2:      layout_loops_ring, serial_shops, shop, st_stairs_14
D:3:      layout_basic
D:4:      layout_gridville, minmay_close_crescents
D:5:      layout_cave_pools, chequers_temple_overflow_minitemple,
          gammafunk_ghost_necromancy, chequers_serial_rivers_micro_a,
          grunt_decor_clamped, guppyfry_early_orc_mine
D:6:      layout_basic, kennysheep_little_box, minmay_temple_entry_large_hall,
          minmay_manual_mares, uniq_blork_the_orc, uniq_prince_ribbit1
D:7:      layout_layer_cave, gammafunk_ghost_split
Temple:   minmay_crystal_spiral_temple

Skill      XL: |  1  2  3  4  5  6  7  8 |
---------------+-------------------------+-----
Stealth        | 6 7 |  7.2
Invocations    | 1 2 3 4 |  4.2
Short Blades   | 1 2 3 |  3.8
Long Blades    | 1 2 3 |  3.8
Axes           | 1 2 3 |  3.8
Maces & Flails | 1 2 3 |  3.8
Staves         | 1 2 3 |  3.8
Ranged Weapons | 1 2 3 |  3.8
Shields        | 1 2 3 4 |  4.9
Unarmed Combat | 1 2 3 |  3.8
Spellcasting   | 1 2 3 |  3.8
Evocations     | 1 2 3 |  3.8
Conjurations   | 1 2 3 |  3.1
Hexes          | 1 2 3 |  3.1
Summonings     | 1 2 3 |  3.1
Necromancy     | 1 2 3 |  3.1
Translocations | 1 2 3 |  3.1
Transmutations | 1 2 3 |  3.1
Fire Magic     | 1 2 3 |  3.1
Ice Magic      | 1 2 3 |  3.1
Air Magic      | 1 2 3 |  3.1
Earth Magic    | 1 2 3 |  3.1
Poison Magic   | 1 2 3 |  3.1
Throwing       | 3 4 |  4.7
Armour         | 3 4 |  4.7
Dodging        | 3 4 |  4.7
Fighting       | 5 6 |  6.0
Polearms       | 5 6 |  6.0

Action                   |  1- 3 |  4- 6 |  7- 9 || total
-------------------------+-------+-------+-------++-------
Melee: Spear             |   138 |    99 |       ||   237
       Bite              |    12 |    21 |    27 ||    60
       Dagger            |       |    80 |   203 ||   283
       Whip              |       |       |     2 ||     2
       Punch             |       |       |     6 ||     6
       Short sword       |       |       |    23 ||    23
 Fire: Sling             |       |    21 |     2 ||    23
 Cast: Ensorcelled Hiber |       |       |     2 ||     2
  Use: Scroll            |       |     2 |     1 ||     3
       Potion            |       |     1 |     6 ||     7
 Stab: Sleeping          |    10 |    10 |     2 ||    22
       Distracted        |       |       |     1 ||     1
Armor: Ring mail         |    39 |    56 |   123 ||   218
Dodge: Dodged            |    40 |    78 |   183 ||   301
